 Dungeon Crawl Stone Soup version 0.27-a0-333-gfa571bf19a (webtiles) character file.

Game seed: 716807270512375681

79 Chiseanne the Skirmisher (level 4, -7/55 HPs)
             Began as a Demonspawn Wanderer on Feb 12, 2021.
             Killed by divine providence
             ... invoked by an orc priest
              (17 damage)
             ... on level 3 of the Dungeon.
             The game lasted 00:09:10 (1835 turns).

Chiseanne the Skirmisher (Demonspawn Wanderer)      Turns: 1835, Time: 00:09:11

Health: -7/55      AC: 22    Str: 15    XL:     4   Next: 16%
Magic:  4/4        EV:  2    Int: 13    God:
Gold:   118        SH:  0    Dex: 11    Spells: 3/3 levels left

rFire    + . .     SeeInvis .   a - +1 mace (protect)
rCold    + . .     Faith    .   c - +0 kite shield
rNeg     + + +     Spirit   .   (armour currently unavailable)
rPois    +         Reflect  .   (helmet currently unavailable)
rElec    +         Harm     .   (cloak currently unavailable)
rCorr    +         Rampage  .   (gloves currently unavailable)
Will     .....     NoTele   +   (boots currently unavailable)
Stlth    +.........             (no amulet)
HPRegen  0.18/turn              m - ring of wizardry
MPRegen  0.09/turn              (no ring)

@: confused, tree-form (expiring), resistant, hasted, very quick
A: powered by pain 1
a: no special abilities


You were on level 3 of the Dungeon.
You were a tree.
You visited 1 branch of the dungeon, and saw 3 of its levels.

You collected 118 gold pieces.

Inventory:

Hand Weapons
 a - a +1 mace of protection (weapon)
 l - a +2 short sword of protection
 w - a +0 hand crossbow
Missiles
 d - 45 bolts
 f - 12 sling bullets
 g - 69 stones (quivered)
Armour
 c - a +0 kite shield (worn)
 e - a +0 robe (melded)
 k - a +0 pair of gloves (melded)
Jewellery
 m - a ring of wizardry (left branch)
Potions
 j - 3 potions of haste


   Skills:
 * Level 3.7 Fighting
 - Level 2.6 Polearms
 * Level 2.1 Crossbows
 - Level 1.0 Armour
 * Level 1.7 Dodging
 * Level 1.2 Shields
 - Level 1.0 Evocations


You had 3 spell levels left.
You didn't know any spells.
Your spell library was empty.

Dungeon Overview and Level Annotations

Branches:
Dungeon (3/15)

Altars:
Fedhas
Ru

Annotations:
D:2 Sigmund


Innate Abilities, Weirdness & Mutations

((You have a pair of small horns on your head.))
((You are partially covered in icy blue scales. (AC +2)))
You sometimes gain a little power by taking damage.


Message History

The orc hits you but does no damage. Something hits you but does no damage.
There's something in the way.
You nearly hit yourself!
The orc hits you but does no damage.
There's something in the way.
There's something in the way.
There's something in the way.
You swing at nothing.
You feel less confused. You block something's attack.
The orc priest invokes the aid of Beogh against you.
Beogh smites you!
* * * LOW HITPOINT WARNING * * *
The orc hits you from afar with a +0 trident.
* * * LOW HITPOINT WARNING * * *
You miss something.
You hear some strange, mumbled words.
Something tries to affect you, but you resist.
The orc hits you but does no damage.
Your shield prevents you from hitting something.
You hear some strange, mumbled words.
You are confused.
The orc hits you but does no damage. Something hits you but does no damage.
You miss something. The orc hits you but does no damage.
Something hits you but does no damage.
You barely miss something.
Your transformation is almost over.
The orc hits you but does no damage. Something hits you but does no damage.
You cannot move. (Use ctrl+direction or * direction to attack without moving.)
You cannot move. (Use ctrl+direction or * direction to attack without moving.)
You cannot move. (Use ctrl+direction or * direction to attack without moving.)
You cannot move. (Use ctrl+direction or * direction to attack without moving.)
You cannot move. (Use ctrl+direction or * direction to attack without moving.)
You cannot move. (Use ctrl+direction or * direction to attack without moving.)
You cannot move. (Use ctrl+direction or * direction to attack without moving.)
You cannot move. (Use ctrl+direction or * direction to attack without moving.)
You cannot move. (Use ctrl+direction or * direction to attack without moving.)
You miss something. The orc hits you but does no damage.
The orc priest calls down the wrath of Beogh upon you.
Beogh smites you!
You die...

.#...............
...#.#....####..####.
###...............####.
.......##.##..........
#.....##.##.###.##...
#.....##.##.# #.##.##
.... #.##.###.##.##
#{###.##.....##...
#♣.og>............
####o..........###
#.........###.#
##.#.#....##.#.#
.................
.......$..........
.....................
...................
...................


You could see an orc priest, an orc and a goblin.

Vanquished Creatures
  An adder (D:3)
  2 worms
  2 dart slugs (D:1)
  A leopard gecko (D:1)
  An orc (D:3)
  3 ball pythons
  2 bats
  4 giant cockroaches
  9 goblins
  3 hobgoblins
  6 jackals
  6 kobolds
  2 quokkas
  4 frilled lizards
  7 rats
53 creatures vanquished.

Notes
Turn   | Place    | Note
-------+----------+-------------------------------------------
     0 | D:1      | Chiseanne the Demonspawn Wanderer began the quest for the
                  | Orb.
     0 | D:1      | Chiseanne set off with the following items: a +2 spear, a
                  | potion of lignification, a +0 hand crossbow, 24 bolts, a +0
                  | robe
     0 | D:1      | Reached XP level 1. HP: 18/18 MP: 1/1
     6 | D:1      | Noticed a black mamba
     6 | D:1      | Noticed a worker ant
     6 | D:1      | Noticed a lindwurm
     6 | D:1      | Noticed a hog
     6 | D:1      | Noticed a black bear
   146 | D:1      | Gained mutation: You are partially covered in icy blue
                  | scales. (AC +2) [demonic ancestry]
   146 | D:1      | Reached XP level 2. HP: 23/24 MP: 2/2
   387 | D:1      | Reached skill level 1 in Dodging
   619 | D:1      | Gained mutation: You have a pair of small horns on your
                  | head. [demonic ancestry]
   619 | D:1      | Reached XP level 3. HP: 22/29 MP: 3/3
   814 | D:2      | Noticed Sigmund
  1469 | D:2      | Found a sacrificial altar of Ru.
  1470 | D:2      | Found a blossoming altar of Fedhas.
  1549 | D:3      | Gained mutation: You sometimes gain a little power by
                  | taking damage. [demonic ancestry]
  1549 | D:3      | Reached XP level 4. HP: 15/37 MP: 4/4
  1835 | D:3      | Killed from afar by an orc priest

Illustrated notes

Levels and vault maps discovered:
D:1:      onia_arrival_zoo_common, layout_loops_ring
D:2:      layout_basic, amethyst_overflow_temple_binary, serial_rivers,
          chequers_serial_rivers_small_b, chequers_serial_rivers_room_b,
          chequers_serial_rivers_micro_e, chequers_serial_rivers_small_3,
          chequers_serial_rivers_small_a, minmay_pentomino_o4, uniq_sigmund
D:3:      layout_basic

Skill      XL: |  1  2  3 |
---------------+----------+-----
Dodging        | 1 |  1.7
Crossbows      | 2 |  2.1
Fighting       | |  3.7
Polearms       | |  2.6
Armour         | |  1.0
Shields        | |  1.2
Evocations     | |  1.0

Action                   |  1- 3 |  4- 6 || total
-------------------------+-------+-------++-------
Melee: Spear             |    99 |       ||    99
       Mace              |    81 |    38 ||   119
       Headbutt          |     8 |     5 ||    13
  Use: Scroll            |     8 |       ||     8
       Potion            |       |     4 ||     4
 Stab: Sleeping          |     1 |       ||     1
Armor: Robe              |    65 |     9 ||    74
       Skin              |       |    23 ||    23
Dodge: Dodged            |   121 |    18 ||   139
Block: Kite shield       |    34 |    18 ||    52

Table legend: (Time is in decaauts)
 A = Elapsed time spent in this place.
 B = Non-inter-level travel time spent in this place.
 C = Inter-level travel time spent in this place.
 D = Time resting spent in this place.
 E = Time spent auto-exploring this place.
 F = Levels seen in this place.
 G = Mean time per level.
                   A        B        C        D        E       F      G
               +--------+--------+--------+--------+--------+-----+--------+
         Total |   1893 |   1811 |     82 |    690 |      0 |   3 |  631.0 |
       Dungeon |   1893 |   1811 |     82 |    690 |      0 |   3 |  631.0 |
               +--------+--------+--------+--------+--------+-----+--------+

Top non-repeatable levels by time:
     D:1: 838 daAuts
     D:2: 710 daAuts
     D:3: 345 daAuts
